Cogmind - Beta 14 @@@ ROGUE MODE // 2024.12.03 @ 14:09:07 Player: Shimmyarah Result: Destroyed by S-10 Pest with Light Assault Rifle Performance ------------- Evolutions (1) 500 Regions Visited (4) 800 Robots Destroyed (71) 355 Value Destroyed (1498) 1498 Prototype IDs (2) 40 Alien Tech Used (0) 0 Bonus (0) 0 TOTAL SCORE: 3193 Bonus ------- None Cogmind --------- Core Integrity 0/400 Matter 24/300 Energy 100/100 System Corruption 6% Temperature Cool (0) Movement Core (50) Location -9/Mines Parts ------- > --- POWER (1) -------- (None) > --- PROPULSION (3) --- (None) > --- UTILITY (3) ------ (None) > --- WEAPON (2) ------- (None) > --- INVENTORY (5) ---- Improved Treads VTOL Module Sensor Array Decoy Drone Bay (16/16) Peak State ------------ > --- POWER ------------ Ion Engine > --- PROPULSION ------- Wheel Compact Wheel Flight Unit > --- UTILITY ---------- Huge Storage Unit Decoy Drone Bay > --- WEAPON ----------- Grenade Launcher Grenade Launcher > --- INVENTORY -------- Ion Engine Light Ion Engine Light Ion Engine Compact Wheel Flight Unit Flight Unit Flight Unit Flight Unit Heat Sink Heat Sink Small Storage Unit High-capacity Matter Pod Visual Processing Unit Sensor Array Improved Terrain Scanner Seismic Detector ECM Suite Power Shielding Tractor Beam Medium Laser Light Assault Rifle Light Cannon Mining Laser [Rating: 23] Favorites ----------- Power Ion Engine Engine Ion Engine Power Core Light Nuclear Core Propulsion Wheel Treads Light Treads Leg Aluminum Leg Wheel Wheel Flight Unit Flight Unit Utility Huge Storage Unit Device Seismic Detector Storage Huge Storage Unit Processor Signal Interpreter Protection Power Shielding Weapon Light Cannon Energy Gun Medium Laser Ballistic Gun Assault Rifle Ballistic Cannon Light Cannon Launcher Grenade Launcher Special Weapon Mining Laser Impact Weapon Flail Slashing Weapon Katana Build | -11 -10 -10 -9 -9 ------- Run | Yrd Mat Min Mat Min Slots Evolved 2 | . . . 2 . Power . | . . . . . Propulsion 1 | . . . 1 . Utility 1 | . . . 1 . Weapon . | . . . . . Parts Attached 120 | 2 22 20 75 1 Power 10 | . 3 . 7 . Engine 9 | . 3 . 6 . Core 1 | . . . 1 . Reactor . | . . . . . Propulsion 45 | . 7 9 28 1 Treads 17 | . 4 4 8 1 Leg . | . . . . . Wheel 19 | . 3 4 12 . Hover . | . . . . . Flight 9 | . . 1 8 . Utility 31 | 1 9 4 17 . Device 14 | 1 4 2 7 . Storage 7 | . 4 . 3 . Processor 1 | . . . 1 . Hackware . | . . . . . Protection 9 | . 1 2 6 . Artifact . | . . . . . Weapon 34 | 1 3 7 23 . Energy Gun 5 | . 2 2 1 . Energy Cannon . | . . . . . Ballistic Gun 3 | 1 . . 2 . Ballistic Cannon 14 | . 1 2 11 . Launcher 5 | . . 2 3 . Special Weapon 2 | . . 1 1 . Impact Weapon 4 | . . . 4 . Slashing Weapon 1 | . . . 1 . Piercing Weapon . | . . . . . Special Melee Weapon . | . . . . . Unidentified Prototypes 2 | . . . 2 . Parts Lost 16 | . 4 2 9 1 Power 3 | . 2 . 1 . Propulsion 5 | . . 1 3 1 Utility 2 | . . . 2 . Weapon 6 | . 2 1 3 . Highest Loss Streak 3 | . 1 1 3 1 To Critical Strikes . | . . . . . Average Slot Usage (%) 98 | . 99 99 97 44 Engine 10 | . 13 14 7 5 Core 1 | . . . 3 . Treads 8 | . 13 1 7 16 Wheel 19 | . 12 25 22 . Flight 1 | . . . 2 . Device 10 | . 10 12 10 . Storage 14 | . 16 14 13 11 Protection 4 | . . 1 8 5 Energy Gun 10 | . 16 11 5 . Ballistic Gun 1 | . 4 . . . Ballistic Cannon 9 | . 6 10 11 . Launcher 1 | . . 4 1 . Impact Weapon 1 | . . . 2 5 Peak Build Rating 23 | 8 9 11 23 17 Average Rating 11 | 6 8 9 15 11 On Entrance 10 | 6 8 9 11 17 Naked Turns 14 | . . . . 14 Heaviest Build 98 | 13 90 92 98 92 Greatest Support 69 | 20 40 26 69 69 Greatest Overweight (x) 22 | . 8 4 22 1 Average Overweight (x) 2 | . 1 3 2 . Largest Inventory Capacity 25 | 8 25 25 25 25 Average Capacity 19 | 8 11 25 25 18 Most Carried 25 | 8 25 25 25 25 Average Carried 19 | 6 10 24 24 17 Final Capacity 25 | 8 25 25 25 5 Final Carried 25 | 8 25 25 25 5 Class Distribution -------------------- 89% | Mutant 10% | Scavenger-Mutant Dominant Class ---------------- Mutant | -10/Materials Mutant | -10/Mines Mutant | -9/Materials Mutant | -9/Mines Resources | -11 -10 -10 -9 -9 ----------- Run | Yrd Mat Min Mat Min Matter Collected 2364 | 322 645 313 1063 21 Remotely . | . . . . . Salvage Created 1932 | 322 678 80 831 21 Parts 123 | 23 44 8 46 2 Haulers Intercepted 4 | . 1 . 3 . Recyclers Shooed 3 | . 1 . 2 . Parts Field Recycled . | . . . . . Retrieved Matter . | . . . . . Parts Self-Destructed . | . . . . . Prevented . | . . . . . Kills | -11 -10 -10 -9 -9 ------- Run | Yrd Mat Min Mat Min Combat Hostiles Destroyed 45 | . 15 6 22 2 Melee 1 | . . . . 1 Guns 19 | . 14 4 1 . Cannons 18 | . . 2 16 . AOE 6 | . 1 . 5 . Classes Destroyed 11 | 3 5 . 3 . Worker 4 | 2 1 1 . . Builder 1 | . . . 1 . Tunneler 9 | 9 . . . . Hauler 4 | . 1 . 3 . Recycler 3 | 1 . . 2 . Operator 1 | . 1 . . . Watcher 4 | . 3 . 1 . Swarmer 17 | . 5 6 4 2 Grunt 18 | . 10 . 8 . Duelist 1 | . . . 1 . Sentry 9 | . . . 9 . Best Kill Streak 6 | 4 4 3 6 2 Combat Bots Only 4 | . 3 3 4 2 Max Kills in Single Turn 4 | 1 1 1 4 1 Gunslinging . | . . . . . Exploded 4 | . 1 . 4 . Melee 1 | . . . . 1 Uniques/NPCs Destroyed . | . . . . . Combat | -11 -10 -10 -9 -9 -------- Run | Yrd Mat Min Mat Min Hostile Shots Fired 384 | . 93 45 196 50 Missed 112 | . 18 15 62 17 Damage Taken 3614 | . 836 311 2200 267 Core 578 | . 154 21 324 79 Absorbed by Shields . | . . . . . Redirected to Shielding 80 | . 6 14 56 4 Regen/Repaired (Parts) 106 | . . . 106 . Core Remaining (%) 65 | 100 . 30 . . Volleys Fired 214 | 34 57 24 99 . Largest 2 | 2 2 2 2 . Hottest 100 | 70 90 100 100 . Shots Fired 403 | 68 113 39 183 . Gun 217 | 68 113 15 21 . Cannon 160 | . . 17 143 . Launcher 13 | . . . 13 . Special 13 | . . 7 6 . Kinetic 236 | 34 35 17 150 . Thermal 133 | 34 57 22 20 . Explosive 13 | . . . 13 . Electromagnetic 21 | . 21 . . . Robot Hit Streak 13 | 7 13 5 12 . Robot Miss Streak 4 | 3 2 2 4 . Penetration Max . | . . . . . Secondary Targets 1 | . 1 . . . Max Gunslinging Chain 1 | . 1 . . . Shots Hit Robots 251 | 42 72 18 116 3 Core Hits 106 | 13 33 7 53 . Critical Kills . | . . . . . Critical Parts Destroyed 2 | . 1 . 1 . Critical Strikes 16 | 2 5 . 9 . Burn 7 | 2 2 . 3 . Destroy 1 | . 1 . . . Blast 5 | . . . 5 . Corrupt 2 | . 2 . . . Smash 1 | . . . 1 . Melee Attacks 25 | . . . 19 6 Impact 24 | . . . 18 6 Slashing 1 | . . . 1 . Piercing . | . . . . . Sneak Attacks 3 | . . . 2 1 Combat Hostiles 1 | . . . . 1 Follow-up Attacks . | . . . . . Damage Inflicted 4567 | 548 1062 380 2452 125 Guns 1822 | 548 961 98 215 . Cannons 1745 | . . 164 1581 . Explosions 518 | . 99 . 419 . Melee 331 | . . . 206 125 Ramming 151 | . 2 118 31 . Kinetic 2354 | 258 249 164 1683 . Thermal 1014 | 290 513 98 113 . Explosive 419 | . . . 419 . Electromagnetic 298 | . 298 . . . Impact 331 | . . . 206 125 Slashing . | . . . . . Piercing . | . . . . . Highest Corruption 6 | . 4 4 6 6 Average Corruption 4 | . 3 4 6 6 Corruption Purged . | . . . . . Corruption Blocked . | . . . . . Effects 105 | . 33 27 44 1 Message Errors 21 | . 4 5 12 . Matter Fused 30 | . 11 10 9 . Heat Flow Errors 13 | . 4 2 7 . Energy Discharges 12 | . 2 6 4 . Parts Rejected 1 | . . . 1 . Parts Fused 2 | . 2 . . . Data Loss (minor) 15 | . 6 2 6 1 Data Loss (major) 4 | . 1 2 1 . Misfires 3 | . 1 . 2 . Alerts 2 | . 1 . 1 . Weapon Failures 2 | . 1 . 1 . Overload Shots . | . . . . . Overflow Damage 233 | . 26 15 127 65 Projectiles 22 | . . 15 7 . Explosions 29 | . 26 . 3 . Melee 182 | . . . 117 65 Knockbacks 14 | . . 1 13 . Impact 2 | . . 1 1 . Kinetic 11 | . . . 11 . Secondary 1 | . . . 1 . Self-Inflicted Damage 180 | . 107 58 15 . Shots 3 | . 3 . . . Rammed 14 | . 2 8 4 . Targets Rammed 14 | . 2 8 4 . Kicked . | . . . . . Crushed . | . . . . . Highest Temperature 301 | 153 219 234 301 . Average Temperature 54 | 54 54 72 49 . Received Heat Transfer 1050 | . 279 . 771 . Effects 1 | . . . 1 . Interference 1 | . . . 1 . Siege Activations . | . . . . . Robots Corrupted 1 | . . . . 1 Combat Hostiles 1 | . . . . 1 Parts Fried 2 | . . . 2 . Impact Corruptions 6 | . . . 3 3 Robots Melted . | . . . . . Combat Hostiles . | . . . . . Parts Melted 5 | 2 1 . 2 . Heat Transferred 3349 | 999 1570 225 555 . Parts Sabotaged . | . . . . . Parts Stolen . | . . . . . Parts Stripped . | . . . . . Power Chain Reactions 1 | . 1 . . . Alert | -11 -10 -10 -9 -9 ------- Run | Yrd Mat Min Mat Min Peak Influence 367 | 60 305 142 367 120 Initial 80 | . 39 17 . 80 Average 113 | 34 139 32 130 102 Maximum Alert Level 1 | . 1 . 1 . Low Security (%) 77 | 100 89 100 59 100 Level 1 22 | . 10 . 40 . Level 2 . | . . . . . Level 3 . | . . . . . Level 4 . | . . . . . Level 5 . | . . . . . High Security . | . . . . . Max Security . | . . . . . Squads Dispatched 7 | . 3 . 4 . Investigation 3 | . 2 . 1 . Extermination . | . . . . . Reinforcement 4 | . 1 . 3 . Assault . | . . . . . Garrison . | . . . . . Intercept . | . . . . . Searches Triggered . | . . . . . Construction Impeded . | . . . . . Haulers Reinforced . | . . . . . Active Scanning Responses . | . . . . . Cargo Convoy Interrupts . | . . . . . Stealth | -11 -10 -10 -9 -9 --------- Run | Yrd Mat Min Mat Min Distress Signals 5 | . 2 . 3 . Communications Jammed . | . . . . . Distress Signals . | . . . . . Times Spotted 80 | . 25 6 45 4 Peak Tracking Total 5 | . 4 3 5 4 Tactical Retreats 6 | . 3 . 3 . Traps | -11 -10 -10 -9 -9 ------- Run | Yrd Mat Min Mat Min Traps Triggered 5 | . 4 . 1 . Indirectly . | . . . . . Trap Hack Attempts . | . . . . . Triggered . | . . . . . Disarmed . | . . . . . Reprogrammed . | . . . . . Reused . | . . . . . Traps Extracted . | . . . . . Installed . | . . . . . Triggered 1 | . . . . 1 Machines | -11 -10 -10 -9 -9 ---------- Run | Yrd Mat Min Mat Min Machines Disabled 6 | . 3 . 3 . Max in Single Turn 3 | . 3 . 1 . Machines Repaired . | . . . . . Machines Dismantled . | . . . . . Machines Sabotaged . | . . . . . Overloaded Fab Kills . | . . . . . Hacking | -11 -10 -10 -9 -9 --------- Run | Yrd Mat Min Mat Min Machines Accessed 20 | . 10 1 9 . Terminals 14 | . 7 . 7 . Fabricators . | . . . . . Repair Stations 2 | . 1 . 1 . Recycling Units 3 | . 2 . 1 . Scanalyzers . | . . . . . Garrison Access . | . . . . . Total Hacks 63 | . 36 1 26 . Successful 29 | . 18 1 10 . Failed 33 | . 18 . 15 . Catastrophic 3 | . 1 . 2 . Database Lockouts 1 | . . . 1 . Manual 44 | . 32 . 12 . Terminals 46 | . 27 . 19 . Fabricators . | . . . . . Repair Stations 7 | . 2 . 5 . Recycling Units 9 | . 7 . 2 . Scanalyzers . | . . . . . Garrison Access . | . . . . . Terminal Hacks 6 | . 2 1 3 . Part Schematic 3 | . 2 . 1 . Open Door 1 | . . 1 . . Unreport Threat 2 | . . . 2 . Fabricator Hacks . | . . . . . Repair Station Hacks 5 | . 1 . 4 . Scan Component 3 | . 1 . 2 . Repair 2 | . . . 2 . Recycling Unit Hacks 3 | . 1 . 2 . Retrieve Matter 1 | . . . 1 . Retrieve Components 2 | . 1 . 1 . Scanalyzer . | . . . . . Garrison Access Hacks . | . . . . . Unauthorized Hacks 15 | . 14 . 1 . Terminals 12 | . 11 . 1 . Track 1 | . 1 . . . Botnet 4 | . 3 . 1 . Operators 1 | . 1 . . . Skim 6 | . 6 . . . Fabricators . | . . . . . Repair Stations . | . . . . . Recycling Units 3 | . 3 . . . Monitor 1 | . 1 . . . Reject 2 | . 2 . . . Scanalyzers . | . . . . . Garrison Access . | . . . . . Data Cores Recovered . | . . . . . Used . | . . . . . Hacking Detections 17 | . 9 . 8 . Full Trace Events 1 | . . . 1 . Feedback Events . | . . . . . Feedback Blocked . | . . . . . Robot Schematics Acquired . | . . . . . Robots Built . | . . . . . Authchips . | . . . . . Time . | . . . . . Total Robot Build Rating . | . . . . . Part Schematics Acquired 2 | . 1 . 1 . Parts Built . | . . . . . Authchips . | . . . . . Time . | . . . . . Total Part Build Rating . | . . . . . Parts Repaired 2 | . . . 2 . Time 58 | . . . 58 . Parts Recycled . | . . . . . Recycled Matter . | . . . . . Retrieved Matter . | . . . . . Retrieved Components 11 | . 1 . 10 . Parts Scanalyzed . | . . . . . Part Schematics Acquired . | . . . . . Parts Damaged . | . . . . . Bothacking | -11 -10 -10 -9 -9 ------------ Run | Yrd Mat Min Mat Min Used RIF Installer . | . . . . . Robots Hacked . | . . . . . Non-combat . | . . . . . Combat . | . . . . . Robot Hacks Applied . | . . . . . Relay Couplers Released . | . . . . . Fabnet Peak Effective % . | . . . . . Robots Rewired . | . . . . . Allies Hacked . | . . . . . Hacks Repelled . | . . . . . Allies | -11 -10 -10 -9 -9 -------- Run | Yrd Mat Min Mat Min Total Allies . | . . . . . Largest Group . | . . . . . Highest-Rated Group . | . . . . . Highest-Rated Ally . | . . . . . Total Orders . | . . . . . Ally Attacks . | . . . . . Total Damage . | . . . . . Kills . | . . . . . Allies Corrupted . | . . . . . Allies Melted . | . . . . . Intel | -11 -10 -10 -9 -9 ------- Run | Yrd Mat Min Mat Min Robot Analysis Total . | . . . . . Derelict Logs Recovered 1 | . . 1 . . Drone Launches . | . . . . . Drone Recoveries . | . . . . . Exploration | -11 -10 -10 -9 -9 ------------- Run | Yrd Mat Min Mat Min Turns Passed 6829 | 288 2182 1097 3222 40 Spaces Moved 3215 | 79 1078 639 1392 27 Core 24 | . . . . 24 Treads 307 | . 153 7 144 3 Legs 171 | 79 92 . . . Wheels 2708 | . 833 632 1243 . Hover . | . . . . . Flight 5 | . . . 5 . Fastest Speed 50 | 120 95 135 115 50 Average Speed 136 | 120 120 138 150 71 Slowest Speed 1810 | 120 200 480 1810 240 Overloaded Moves . | . . . . . Propulsion Burnouts . | . . . . . Robots Hopped . | . . . . . Cave-ins Triggered 1 | . . . 1 . Exploration Rate (%) 57 | 3 98 97 73 14 Regions Visited 4 Branch Regions 2 Pre-discovered Areas . | . . . . . Known Exits Taken 2 | . . 1 1 . Unknown Exits Taken 2 | 1 1 . . . Scrap Searched 3 | . . 3 . . Spaces Dug 20 | . . 1 19 . Terrain Destroyed 78 | . 3 6 69 . Melee 13 | . . . 13 . Projectile 13 | . . 6 7 . AOE 52 | . 3 . 49 . Terrain Rammed . | . . . . . Walls Destroyed . | . . . . . Machines Disabled . | . . . . . Actions | -11 -10 -10 -9 -9 --------- Run | Yrd Mat Min Mat Min Total 5168 | 203 1848 787 2292 38 Wait 1465 | 86 654 87 634 4 Move 3211 | 78 1077 638 1391 27 Hop . | . . . . . Pick Up 67 | 3 28 5 31 . Fast Attach 13 | . 2 1 10 . Attach 21 | 1 4 1 14 1 Detach 3 | . . . 3 . Swap 86 | 1 16 18 51 . Drop 49 | . 8 5 36 . Fire 214 | 34 57 24 99 . Melee 25 | . . . 19 6 Ram 13 | . 2 8 3 . Kick . | . . . . . Crush 1 | . . . 1 . Escape Stasis . | . . . . . Rewire . | . . . . . Trap . | . . . . . Miscellaneous . | . . . . . Route ------- -11/Scrapyard -10/Materials (discovered 5 exits: *Mat x3 / *Min / *Sub) -10/Mines (discovered 3 exits: *Mat x2 / *Sub) -9/Materials (discovered 4 exits: *Mat x3 / *Min) -9/Mines History --------- Turn | Location | Event 12 | -11/Scrapyard | Discovered new exit (range 3) 289 | -11/Scrapyard | Entered Materials 309 | -10/Materials | Build established: Mutant 815 | -10/Materials | Discovered new exit (range 15) 1040 | -10/Materials | Discovered new exit (range 5) 1210 | -10/Materials | Discovered new exit (range 7) 1262 | -10/Materials | Core integrity fell below 50% 1444 | -10/Materials | Discovered new exit (range 5) 1514 | -10/Materials | Learned location of 2 exits from Subcaves 1589 | -10/Materials | Learned Storage garrison access intel 1653 | -10/Materials | Learned Storage garrison access intel 1708 | -10/Materials | Identified exit to Subcaves 1753 | -10/Materials | Learned 2 Mines zone layouts 1789 | -10/Materials | Learned Storage trap positions 1836 | -10/Materials | Learned Storage stockpile data 1891 | -10/Materials | Learned 2 Storage zone layouts 2471 | -10/Materials | Entered Mines 2472 | -10/Mines | Identified exit to Materials 2697 | -10/Mines | Discovered exit to Materials (range 10) 2878 | -10/Mines | YI-UF0 nonchalantly dropped a Grenade Launcher on the ground 3148 | -10/Mines | Learned location of 1 exit from Materials 3386 | -10/Mines | Found the Drone Emporium 3393 | -10/Mines | Found Prototype Device 3516 | -10/Mines | Discovered exit to Subcaves (range 6) 3568 | -10/Mines | Entered Materials 3568 | -9/Materials | Evolved 2 slots: Propulsion x1, Utility x1 3569 | -9/Materials | Identified exit to Mines 3570 | -9/Materials | Identified exit to Materials 3570 | -9/Materials | Identified Decoy Drone Bay 4004 | -9/Materials | Discovered exit to Materials (range 5) 4145 | -9/Materials | Build established: Scavenger-Mutant 4555 | -9/Materials | Build established: Mutant 5403 | -9/Materials | Crushed by falling debris 5471 | -9/Materials | Central database locked down 5839 | -9/Materials | Repaired Arm. Wheel 5867 | -9/Materials | Repaired Com. Wheel 6451 | -9/Materials | Lost 3 parts (1n1u1w) 6570 | -9/Materials | Discovered exit to Materials (range 4) 6734 | -9/Materials | Core integrity fell below 50% 6772 | -9/Materials | Core integrity fell below 20% 6790 | -9/Materials | Entered Mines 6816 | -9/Mines | Released all parts (8) 6830 | -9/Mines | Destroyed by S-10 Pest with Light Assault Rifle Last Messages --------------- 06800_ S-10 Pest system corrupted by crushing effect. 06800_ S-10 Pest destroyed. 06803_ System corrupted: Component data lost. 06803_ Acquired 9 matter. 06804_ Imp. Treads destroyed. 06809_ Destroyed Flight Unit. 06809_ S-10 Pest system corrupted by crushing effect. 06810_ S-10 Pest system terminally corrupted. 06811_ Acquired 12 matter. 06816_ Released Imp. Treads. 06816_ Released Power Shielding. 06816_ Released Flail. 06816_ Released Imp. Treads. 06816_ Released Ion Engine. 06816_ Released Huge Storage Unit. 06816_ Released Hcp. Matter Pod. 06816_ Released Imp. Treads. 06819_ T-07 Excavator is excavating. Map ----- +----------------------------------------------------+ | | | | | | | | | | | | | | | | | | | ??????????????????????????????????? | | ??????????????????????????????????? | | ??????????????????????????????????? | | ??????????????????????????????????? | | ??????????????????????????????????? | | ???????????#####?####?????????????? | | ??????????## ### ###???????????? | | ?????????## ##??????????? | | ????????## ##?????????? | | ???????## #### ##????????? | | ??# ### #??## ##???????? | | ??# ##??##### #???????? | | ??## ## =!#####??##s #???????? | | ???## ??##!]![=!##??# s #???????? | | ????###????# !]/*=!#??# #???????? | | ???????????# !]=*=]#??## #???????? | | ??????????# =!*]*[#???# @##??????? | | ??????????# ==!##???# #??????? | | ?????????# #???# #?????? | | ???????? #???# #????? | | ???????# #???## #????? | | ???????### #????## #????? | | ?????????## ?????## ##????? | | ??????????### ??????####?????? | | ????????????## ??????????????? | | ?????????????# ??????????????? | | ?????????????# ?????????????? | | ????????????? ??????????????? | | ?????????????? ??????????????? | | ?????????????? ????????????????? | | ??????????????????????????????????? | | ??????????????????????????????????? | | ??????????????????????????????????? | | ??????????????????????????????????? | | ??????????????????????????????????? | | ??????????????????????????????????? | | ??????????????????????????????????? | | ??????????????????????????????????? | | ??????????????????????????????????? | | ??????????????????????????????????? | | ??????????????????????????????????? | +----------------------------------------------------+ Best States ------------- Heat Dissipation 28 Energy Generation 14 Energy Capacity 265 Matter Stores 426 Matter Capacity 500 Sight Range 16 Robot Scan Range 14 Terrain Scan Density 10 Armor Coverage 150 Power Shielding 33 Evasion (%) 55 Recoil Reduction 3 Item Schematics ----------------- Targeting Computer | -10/Materials | Hacked Imp. Targeting Computer | -9/Materials | Hacked Robot Schematics ------------------ None Fabricated ------------ Nothing Alien Tech Used ----------------- None Achievements -------------- None Challenges ------------ None Game ------ Seed SubdwellerDiametricNanovents Manual? 0 Play Time 00:59:21 Cumulative 97.9 hours Start 2024.12.03 @ 12:47:10 End 2024.12.03 @ 14:09:07 Sessions 3 Manual Loads 0 Difficulty Rogue Special Mode None Game No. 141 Rogue 141 Adventurer 0 Explorer 0 Win Type - Total 0 Types 0/0/0/0/0/0/0/0/0 Lore% 57 Gallery% 46 Achievement% 34 Wizard Run 0 Options --------- Layout 1 ASCII 0 Keyboard 0 Movement Mouse Keybinds 0 Fullscreen 1 Font 24/Smallcaps Map View 50x40 Zoom Use 1% Tactical HUD 1 Map Filters NONE Filters NONE Steam 1 RUN: 97454bd0-b6ac-44d6-b445-d76d57c50567